 Dungeon Sprint DCSS version 0.28.0-45-g0d030f2227 (webtiles) character file.

Game seed: 582483154523439492

628 Zeld the Cleaver (level 7, -1/105 HPs)
             Began as a Minotaur Berserker on Apr 18, 2022.
             Was a Believer of Trog.
             Slain by Sonja
             ... wielding a +0 dagger of distortion
              (5 damage)
             ... in the Dungeon (Sprint I: "Red Sonja").
             The game lasted 00:01:25 (728 turns).

Zeld the Cleaver (Minotaur Berserker)                Turns: 728, Time: 00:01:26

Health: -1/105     AC:  2    Str: 24    XL:     7   Next: 23%
Magic:  6/6        EV: 14    Int:  4    God:    Trog [**....]
Gold:   159        SH:  0    Dex:  9    Spells: 6/6 levels left

rFire   . . .      SeeInvis .   a - +0 hand axe
rCold   . . .      Faith    .   (no shield)
rNeg    . . .      Spirit   .   b - +0 animal skin
rPois   .          Reflect  .   (helmet restricted)
rElec   .          Harm     .   (no cloak)
rCorr   .          Rampage  .   (no gloves)
Will    .....      NoTele   +   (no boots)
Stlth   ..........              (no amulet)
HPRegen 0.27/turn               (no ring)
MPRegen 0.10/turn               (no ring)

@: berserking, lethally poisoned (-1 -> -5), slowed
A: horns 2, retaliatory headbutt
a: Renounce Religion, Berserk, Trog's Hand


You were in the Dungeon.
You worshipped Trog.
Trog was pleased with you.
You visited 1 branch You collected 405 gold pieces.
You spent 246 gold pieces at shops.

Inventory:

Hand Weapons
 a - a +0 hand axe (weapon)
Armour
 b - a +0 animal skin (worn)
Wands
 i - a wand of mindburst (11)
Scrolls
 h - a scroll of blinking
 k - a scroll of torment
 m - a scroll of identify
 n - a scroll of summoning
 o - a scroll of fear
Potions
 c - a potion of curing
 d - a potion of heal wounds
 e - a potion of haste
 f - 2 potions of magic
 g - a potion of berserk rage
 j - a potion of lignification


   Skills:
 + Level 9.1 Fighting
 * Level 12.3 Axes
 + Level 8.7 Armour
 + Level 7.8 Dodging
 - Level 2.0 Stealth


You had 6 spell levels left.
You didn't know any spells.
Your spell library was empty.

Dungeon Overview and Level Annotations

Branches:
Dungeon (1/1)

Altars:
Cheibriados
Dithmenos
Elyvilon
Fedhas
Gozag
Hepliaklqana
Kikubaaqudgha
Makhleb
Nemelex Xobeh
Okawaru
Qazlal
Ru
Sif Muna
Trog
Uskayaw
Vehumet
Wu Jian
Xom
Yredelemnul
Zin
The Shining One
Jiyva
Lugonu

Shops:
D ?

Annotations:
D Sonja


Innate Abilities, Weirdness & Mutations

You have a pair of horns on your head.
You reflexively headbutt those who attack you in melee.


Message History

Sonja throws a curare-tipped dart.
The curare-tipped dart hits you.
You are poisoned.
You have difficulty breathing.
You feel yourself slow down.
Found 108 gold pieces.
Unknown command.
You feel very sick.
Sonja mumbles some strange words.
Sonja blinks!
There is a radiant altar of Vehumet here.
A red film seems to cover your vision as you go berserk!
You feel yourself moving faster!
You feel mighty!
You feel very sick.
Sonja hits you with a +0 dagger of distortion.
Space warps horribly around you!
Sonja hits you with a +0 dagger of distortion.
Space warps horribly around you! Sonja misses you.
Sonja hits you with a +0 dagger of distortion.
Space warps around you.
Sonja hits you with a +0 dagger of distortion.
Space warps around you.
Sonja hits you with a +0 dagger of distortion.
You are too injured to fight recklessly!
You are too injured to fight recklessly!
You barely miss Sonja.
You feel sick. Sonja barely misses you.
Sonja hits you with a +0 dagger of distortion.
Space warps horribly around you!
* * * LOW HITPOINT WARNING * * *
Sonja misses you.
Unknown command.
Press < or > to pray at altars.
You miss Sonja. Your headbutt misses Sonja.
You feel sick. Sonja barely misses you.
Sonja hits you with a +0 dagger of distortion.
* * * LOW HITPOINT WARNING * * *
Space warps around you.
* * * LOW HITPOINT WARNING * * *
Sonja hits you with a +0 dagger of distortion.
* * * LOW HITPOINT WARNING * * *
Space warps around you.
You die...

######################******
#<.#..').#..'..#__#..+,,,*,,
#..').#..').#..'..'..#,,,**+
#..#####'#####'#__####,,,+,,
#..####..#...#.####,,*****,,
#..#__####..##.#≈≈≈,,*,,**+*
#..#_____##'#_.+≈≈≈,,+,,*,,,
#⌠⌠#_.∩...÷K.._#≈≈≈,,*,,*,,,
####_..__##@.#'#*+*****+***,
*,,#_____###'#(#,,,,***,+,*,
***#######*#.###*+***,***,*,
*∩,,,,,,,,+$.$+,,,,,+,∩**,*,
***++++****$.$#**********,**
*,,,,,,,**##.##*,,,,,,,**,**
*,,,,,,,,*,#+#,*,,,,,,,,+,**
*,,*,,,,,*,,,,,*+++******,*,
*,,,,,,,,*,,,,,*,,,,,,,,*,**


You could see Sonja.

Vanquished Creatures
  A slime creature (D)
  Sigmund (D)
  A yak (D)
  An ogre (D)
  A jelly (D)
  Ijyb (D)
6 creatures vanquished.

Notes
Turn   | Place    | Note
-------+----------+-------------------------------------------
     0 | D        | Zeld the Minotaur Berserker began the quest for the Orb.
     0 | D        | Reached XP level 1. HP: 19/19 MP: 0/0
     1 | D        | Noticed Ijyb
     9 | D        | Killed Ijyb
    10 | D        | Reached skill level 5 in Axes
    10 | D        | Reached skill level 1 in Stealth
    10 | D        | Reached XP level 2. HP: 26/28 MP: 1/1
   113 | D        | Noticed an ogre
   120 | D        | Killed an ogre
   121 | D        | Reached skill level 5 in Fighting
   121 | D        | Reached skill level 7 in Axes
   121 | D        | Reached skill level 5 in Armour
   121 | D        | Reached XP level 3. HP: 37/37 MP: 2/2
   121 | D        | Reached XP level 4. HP: 44/44 MP: 3/3
   272 | D        | Noticed Sigmund
   277 | D        | Killed Sigmund
   277 | D        | Reached ** piety under Trog
   278 | D        | Reached skill level 10 in Axes
   278 | D        | Reached XP level 5. HP: 52/52 MP: 4/4
   331 | D        | Found an ornate altar of the Wu Jian Council.
   331 | D        | Found a shimmering blue altar of Sif Muna.
   333 | D        | Found a radiant altar of Vehumet.
   338 | D        | Reached XP level 6. HP: 56/60 MP: 5/5
   384 | D        | Found Exybb's Magic Scroll Emporium.
   384 | D        | Found an ancient bone altar of Kikubaaqudgha.
   384 | D        | Found a hazy altar of Hepliaklqana.
   384 | D        | Found a hide-covered altar of Uskayaw.
   384 | D        | Found a basalt altar of Yredelemnul.
   384 | D        | Found an opulent altar of Gozag.
   384 | D        | Found a snail-covered altar of Cheibriados.
   384 | D        | Found a sacrificial altar of Ru.
   384 | D        | Found a shadowy altar of Dithmenos.
   384 | D        | Noticed a yak
   387 | D        | Killed a yak
   388 | D        | Reached skill level 11 in Axes
   388 | D        | Found a stormy altar of Qazlal.
   388 | D        | Found a blossoming altar of Fedhas.
   388 | D        | Found a bloodstained altar of Trog.
   388 | D        | Found an iron altar of Okawaru.
   388 | D        | Found a glowing golden altar of the Shining One.
   388 | D        | Found a glowing silver altar of Zin.
   388 | D        | Found a white marble altar of Elyvilon.
   392 | D        | Found a sparkling altar of Nemelex Xobeh.
   421 | D        | Bought a scroll of magic mapping for 38 gold pieces
   421 | D        | Bought a scroll of identify for 22 gold pieces
   421 | D        | Bought a scroll of identify for 22 gold pieces
   421 | D        | Bought a scroll of identify for 22 gold pieces
   421 | D        | Bought a scroll of summoning for 104 gold pieces
   421 | D        | Bought a scroll of fear for 38 gold pieces
   478 | D        | Found a burning altar of Makhleb.
   478 | D        | Found a viscous altar of Jiyva.
   478 | D        | Found a shimmering altar of Xom.
   478 | D        | Found a corrupted altar of Lugonu.
   478 | D        | Noticed a slime creature
   488 | D        | Killed a slime creature
   489 | D        | Reached skill level 12 in Axes
   489 | D        | Reached XP level 7. HP: 25/70 MP: 6/6
   724 | D        | Noticed Sonja
   728 | D        | HP: 4/105 [Sonja/+0 dagger of distortion (5)]
   728 | D        | Slain by Sonja

Illustrated notes

Levels and vault maps discovered:
D:        dungeon_sprint_1 [red_sonja_temple_1, red_sonja_temple_small_1]

Skill      XL: |  1  2  3  4  5  6 |
---------------+-------------------+-----
Fighting       | 4 5 7 9 |  9.1
Axes           | 5 7 10 12 | 12.3
Armour         | 3 5 6 7 8 |  8.7
Dodging        | 3 4 6 7 |  7.8
Stealth        | 1 2 |  2.0

Action                   |  1- 3 |  4- 6 |  7- 9 || total
-------------------------+-------+-------+-------++-------
Melee: Hand axe          |    11 |    17 |     2 ||    30
       Headbutt          |     2 |     6 |       ||     8
Invok: Berserk           |     2 |     2 |     1 ||     5
  Use: Scroll            |       |     3 |       ||     3
Dodge: Dodged            |     3 |     7 |     4 ||    14
